 Dungeon Crawl Stone Soup version 0.21-a0-352-g5b8f553 (webtiles) character file.

50 Hasart the Cudgeler (level 3, 0/34 HPs)
             Began as a Naga Fighter on Oct 11, 2017.
             Slain by a rat (3 damage)
             ... on level 2 of the Dungeon.
             The game lasted 00:03:01 (1327 turns).

Hasart the Cudgeler (Naga Fighter)                  Turns: 1327, Time: 00:03:02

Health: 0/34       AC:  4    Str: 18    XL:     3   Next: 79%
Magic:  3/3        EV:  5    Int:  9    God:
Gold:   76         SH:  8    Dex: 10    Spells: 2/2 levels left

rFire    . . .     SeeInvis +   a - +0 flail
rCold    . . .     Gourm    .   c - +0 shield
rNeg     . . .     Faith    .   b - +0 scale mail
rPois    +         Spirit   .   (no helmet)
rElec    .         Reflect  .   (no cloak)
rCorr    .         Harm     .   (no gloves)
MR       .....                  (no barding)
Stlth    ..........             (no amulet)
HPRegen  0.11/turn              (no ring)
MPRegen  0.08/turn              (no ring)

@: short of breath, very slow
A: see invisible, deformed body, poison resistance, slowness 2, slow metabolism
1, spit poison 1, AC +1
a: Spit Poison


You were on level 2 of the Dungeon.
You were not hungry.

You visited 1 branch of the dungeon, and saw 2 of its levels.

You collected 76 gold pieces.

Inventory:

Hand Weapons
 a - a +0 flail (weapon)
Armour
 b - a +0 scale mail (worn)
 c - a +0 shield (worn)
Wands
 k - a wand of lightning (5/15)
Scrolls
 e - a scroll of identify {unknown}
Potions
 d - a potion of might
 i - a potion of flight {unknown}
Comestibles
 f - 2 bread rations
 g - 4 fruits
 h - a meat ration
 j - 3 chunks of flesh


   Skills:
 - Level 3.0 Fighting
 + Level 4.0 Maces & Flails
 - Level 2.4 Armour
 - Level 2.4 Shields


You had 2 spell levels left.
You didn't know any spells.

Dungeon Overview and Level Annotations

Branches:
Dungeon (2/15)

Altars:
Hepliaklqana


Innate Abilities, Weirdness & Mutations

You cannot wear boots.
Your serpentine skin is tough. (AC +1)
You have supernaturally acute eyesight. (SInv)
Armour fits poorly on your strangely shaped body.
Your system is resistant to poisons. (rPois)
You cover ground very slowly.
You have a slow metabolism.
You can spit poison.


Message History

The rat bites you but does no damage.
Unknown command.
Your shield and scale mail prevent you from hitting the jackal.
The jackal is almost dead.
The jackal bites you but does no damage. x2
You block the rat's attack.
Unknown command.
Press: ? - help, Shift-Dir - straight line, f - jackal
Aim: a jackal (almost dead)
The splash of poison hits the jackal.
You kill the jackal!
You feel slightly more hungry. The rat bites you.
* * * LOW HITPOINT WARNING * * *
You hit the rat.
The rat is heavily wounded.
You block the rat's attack.
You closely miss the rat.
The rat is heavily wounded.
The rat bites you.
You die...

#........
#........
.######........
...............
............g
####.#..%......
.(.........# #)(#
# #@(# .# #r.# ..
##############
#..#.#
....#........#
#....#
....#.######.#
#.####
....#.#...<#.# #.#
....#.#......# #.#
........######.#.#
##.####........#.#


You could see a rat.

Vanquished Creatures
  A gnoll (D:1)
  A worm (D:2)
  A leopard gecko (D:2)
  A giant cockroach (D:1)
  6 hobgoblins
  8 jackals
  3 kobolds
  2 bats
  4 frilled lizards
  4 goblins
  3 rats
34 creatures vanquished.

Notes
Turn   | Place    | Note
-------+----------+-------------------------------------------
     0 | D:1      | Hasart the Naga Fighter began the quest for the Orb.
     0 | D:1      | Reached XP level 1. HP: 21/21 MP: 1/1
   243 | D:1      | Reached XP level 2. HP: 28/28 MP: 2/2
   266 | D:1      | Reached skill level 3 in Maces & Flails
   637 | D:1      | Reached XP level 3. HP: 34/34 MP: 3/3
  1049 | D:2      | Found a hazy altar of Hepliaklqana.
  1318 | D:2      | Reached skill level 4 in Maces & Flails
  1327 | D:2      | Slain by a rat

Vault maps used:
D:1:      dpeg_arrival_yet_another_circle, minivault_23
D:2:      old_standard_altar

Skill      XL: |  1  2  3 |
---------------+----------+-----
Maces & Flails | 3 4 |  4.0
Fighting       | |  3.0
Armour         | |  2.4
Shields        | |  2.4

Action                   || total
-------------------------++-------
Melee: Flail             ||    93
 Abil: Spit Poison       ||     7
  Eat: Chunk             ||     1
Armor: Scale mail        ||    48
Dodge: Dodged            ||    38
Block: Shield            ||    67

Table legend:
 A = Spawn XP
 B = Non-spawn XP
 C = Spawn XP percentage of total XP
 D = Spawn monster count
 E = Non-spawn monster count
 F = Spawn count percentage of total count
 G = Total turns spent on level
                    A         B        C        D         E        F      G
               +---------+---------+-------+---------+---------+-------+---------
         Total |       0 |      72 |   0.0 |       0 |      34 |   0.0 |  1327
               +---------+---------+-------+---------+---------+-------+---------
           D:1 |       0 |      46 |   0.0 |       0 |      20 |   0.0 |  1029
           D:2 |       0 |      26 |   0.0 |       0 |      14 |   0.0 |   298
               +---------+---------+-------+---------+---------+-------+---------
